AoeStats
← 百足ノ舞

Fortress

510852202Analyzed
1v1 RM · 5h ago on Oct 2, 2026· 83m 17s· 2 players
Game mode
Random Map
Map size
Small (3 player)
Population
200
Speed
Normal
Resources
Standard
Victory
Conquest
Starting age
Dark Age
Ending age
Imperial Age
RankedLock teamsTeams togetherTeam positionsShared explorationLock speedFull tech treeHidden civsTurbo modeCheats
Victory
Defeat
🇬🇧 Britons · United Kingdom
1253
+14
🇩🇪 Goths · Germany
1219
-14
百足ノ舞
0:47 Loom
7:50 Feudal Age
7:54 Feudal Age
8:47 Horse Collar
8:55 Double-Bit Axe
13:30 Castle Age
12:06 Stone Mining
12:40 Gold Mining
14:30 Bow Saw
14:22 Heavy Plow
16:08 Fletching
18:05 Scale Mail Armor
19:05 Forging
20:13 Chain Mail Armor
21:45 Iron Casting
28:02 Anarchy
29:07 Wheelbarrow
28:37 Squires
32:25 Imperial Age
31:38 Scale Barding Armor
32:31 Husbandry
32:42 Bloodlines
33:08 Chain Barding Armor
32:37 Cavalier
34:21 Blast Furnace
34:14 Crop Rotation
34:47 Two-Man Saw
35:43 Masonry
36:12 Conscription
36:38 Bodkin Arrow
38:12 Light Cavalry
39:46 Hussar
42:24 Architecture
42:43 Murder Holes
46:22 Perfusion
Lord Lytton
7:18 Feudal Age
11:33 Castle Age
9:20 Horse Collar
9:45 Double-Bit Axe
9:39 Man-at-Arms
10:40 Gold Mining
12:23 Fletching
12:37 Scale Mail Armor
14:20 Loom
16:35 Wheelbarrow
17:04 Long Swordsman
17:58 Bodkin Arrow
19:56 Forging
20:31 Gambesons
21:02 Chain Mail Armor
21:14 Arson
22:13 Bow Saw
25:07 Iron Casting
25:17 Heavy Plow
25:53 Gold Shaft Mining
29:59 Imperial Age
27:41 Padded Archer Armor
27:50 Town Watch
28:38 Ballistics
29:24 Squires
29:22 Stone Mining
29:51 Leather Archer Armor
30:29 Hand Cart
29:59 Two-Handed Swordsman
31:12 Plate Mail Armor
31:43 Blast Furnace
31:30 Champion
33:38 Bracer
34:34 Conscription
35:30 Ring Archer Armor
36:01 Yeomen
37:24 Pikeman
38:01 Elite Longbowman
38:39 Halberdier
41:02 Warwolf
43:43 Chemistry
42:40 Murder Holes
47:45 Capped Ram
49:20 Town Patrol
50:59 Siege Engineers
52:59 Coinage
52:29 Caravan
54:00 Two-Man Saw
60:51 Banking
78:12 Spies/Treason
Connection lost

Rejoining the realm…

Still unreachable

The connection could not be restored.

Session expired

The server has moved on; the page needs a fresh start.